 Dungeon Crawl Stone Soup version 0.30-a0-394-g3e4acdb0ae (webtiles) character file.

Game seed: 14670935412627043323

462581 Armakuni the Master Archer (level 23, -7/140 HPs)
             Began as a Deep Elf Gladiator on Dec 6, 2022.
             Was a High Priest of the Shining One.
             Mangled by an ettin
             ... wielding a +2 vorpal dire flail
              (15 damage)
             ... on level 4 of the Vaults.
             The game lasted 03:19:38 (48775 turns).

Armakuni the Master Archer (Deep Elf Gladiator)    Turns: 48775, Time: 03:19:39

Health: -7/140     AC: 33    Str: 25    XL:     23   Next: 39%
Magic:  39/41      EV: 17    Int: 26    God:    the Shining One [*****.]
Gold:   3798       SH:  0    Dex: 22    Spells: 7/46 levels left

rFire   + + .      SeeInvis .    a - +5 arbalest of the Candelabrum {speed, rC+ Dex+4}
rCold   + + .      Faith    .    (shield currently unavailable)
rNeg    + + .      Spirit   .    I - +9 plate armour of Foolhardiness {rPois Int+4 Dex-4}
rPois   +          Reflect  +    P - +0 hat {Int+3}
rElec   .          Harm     .    K - scarf {rC+ rF+}
rCorr   +          Rampage  .    f - +2 pair of gloves
Will    ++...                    E - +2 pair of boots of the Iron City of Dis {Regen+ rCorr Slay+5}
Stlth   ..........               p - amulet of Hepliaklqana's Scorn {Reflect Str+8 SH+5}
HPRegen 1.23/turn                D - +6 ring of dexterity
MPRegen 0.27/turn                F - ring of protection from fire

@: confused, divinely shielded, wereblooded, slowed, glowing, studying 2 skills,
very slow
A: talons 1, mutation resistance 1
}: 2/15 runes: decaying, gossamer
a: Renounce Religion, Divine Shield, Cleansing Flame, Summon Divine Warrior


You were on level 4 of the Vaults.
You worshipped the Shining One.
The Shining One was extremely pleased with you.
You visited 9 branches of the dungeon, and saw 42 of its levels.
You also visited: Trove, Bailey and Ice Cave.

You collected 8260 gold pieces.
You spent 4462 gold pieces at shops.

Inventory:

Hand Weapons
 a - the +5 arbalest of the Candelabrum (weapon) {speed, rC+ Dex+4}
   (You bought it in a shop on level 2 of the Orcish Mines)

   Attacks with this weapon are significantly faster.
   Dex:       It affects your dexterity (+4).
   rC:        It protects you from cold.
 b - the +10 lajatang of Kuet {elec, Will- Int+6}
   (You bought it in a shop on level 12 of the Dungeon)

   It occasionally discharges a powerful burst of electricity upon striking a
   foe.
   Int:       It affects your intelligence (+6).
   Will:      It decreases your willpower.
 r - a +8 double sword of holy wrath
Missiles
 i - 4 throwing nets
Armour
 f - a +2 pair of gloves (worn)
 E - the +2 pair of boots of the Iron City of Dis (worn) {Regen+ rCorr Slay+5}
   (You found it on level 13 of the Dungeon)

   Slay:      It affects your accuracy & damage with ranged weapons and melee
   (+5).
   Regen:     It increases your rate of health regeneration.
   rCorr:     It protects you from acid and corrosion.
 I - the +9 plate armour of Foolhardiness (worn) {rPois Int+4 Dex-4}
   (You found it on level 3 of the Crypt)

   Int:       It affects your intelligence (+4).
   Dex:       It affects your dexterity (-4).
   rPois:     It protects you from poison.
 K - a scarf of resistance (worn)
 P - a +0 hat of intelligence (worn)
Jewellery
 p - the amulet of Hepliaklqana's Scorn (around neck) {Reflect Str+8 SH+5}
   (You found it in a treasure trove)

   [amulet of reflection]

   It reflects blocked missile attacks.
   Str:       It affects your strength (+8).
   SH:        It affects your SH (+5).
 A - a +4 ring of protection
 D - a +6 ring of dexterity (left hand)
 F - a ring of protection from fire (right hand)
Wands
 h - a wand of acid (22)
 v - a wand of flame (43)
 T - a wand of polymorph (18)
 U - a wand of roots (33)
 V - a wand of digging (5)
 X - a wand of paralysis (13)
Scrolls
 j - 2 scrolls of blinking
 k - 10 scrolls of noise
 o - 3 scrolls of immolation
 w - 2 scrolls of amnesia
 y - 10 scrolls of vulnerability
 H - 2 scrolls of summoning
 J - 20 scrolls of teleportation
 L - 2 scrolls of magic mapping
 N - 6 scrolls of fear
 O - a scroll of silence
 Q - 4 scrolls of poison
 S - 3 scrolls of butterflies
Potions
 d - 4 potions of magic
 e - 16 potions of curing
 g - 8 potions of brilliance
 m - 4 potions of cancellation
 n - 8 potions of resistance
 q - 6 potions of lignification
 s - 5 potions of berserk rage
 u - 11 potions of might
 x - 9 potions of flight
 z - 12 potions of heal wounds
 B - 2 potions of haste
 C - 6 potions of mutation
 G - 4 potions of ambrosia
Miscellaneous
 c - a phantom mirror
 l - a box of beasts
 t - a tin of tremorstones (inert)


   Skills:
 - Level 13.1 Fighting
 - Level 12.5 Staves
 O Level 27 Ranged Weapons
 - Level 2.0 Throwing
 - Level 15.5 Armour
 - Level 15.0 Dodging
 - Level 12.4 Spellcasting
 - Level 10.0 Conjurations
 + Level 18.6 Hexes
 - Level 10.0 Translocations
 - Level 10.0 Transmutations
 - Level 5.0 Fire Magic
 - Level 5.0 Air Magic
 - Level 3.0 Poison Magic
 - Level 15.2 Invocations
 - Level 5.0 Evocations


You had 7 spell levels left.
You knew the following spells:

 Your Spells              Type           Power      Damage    Failure   Level
b - Blink                 Tloc           100%       N/A       1%          2
d - Tukima's Dance        Hex            85%        N/A       1%          3
e - Metabolic Englaciati  Hex/Ice        29%        N/A       16%         5
f - Cause Fear            Hex            42%        N/A       1%          4
h - Silence               Hex/Air        33%        N/A       5%          5
i - Inner Flame           Hex/Fire       67%        N/A       1%          3
m - Iskenderun's Mystic   Conj/Tloc      62%        2d13      4%          4
p - Passwall              Tmut/Erth      35%        N/A       4%          2
s - Slow                  Hex            100%       N/A       0%          1
t - Confusing Touch       Hex            85%        N/A       1%          3
w - Wereblood             Tmut           62%        N/A       1%          2
y - Yara's Violent Unrav  Hex/Tmut       37%        3d15      1%          5

Your spell library contained the following spells:

 Spells                   Type           Power      Damage    Failure   Level
 Foxfire                  Conj/Fire      100%       2x1d9     1%          1
 Magic Dart               Conj           100%       1d8       1%          1
 Momentum Strike          Conj/Tloc      100%       3d10      1%          2
 Searing Ray              Conj           100%       2d8       1%          2
 Lesser Beckoning         Tloc           100%       N/A       1%          3
 Summon Guardian Golem    Hex/Summ       59%        N/A       1%          3
 Fulminant Prism          Conj/Hex       37%        3d17      1%          4
 Kiss of Death            Conj/Necr      100%       2d13      3%          1
 Scorch                   Fire           84%        2d9       4%          2
 Kindle Blastsparks       Fire/Tloc/Air  100%       2d18      4%          3
 Manifold Assault         Tloc           62%        N/A       4%          4
 Passage of Golubria      Tloc           62%        N/A       4%          4
 Spider Form              Tmut/Pois      49%        N/A       5%          3
 Leda's Liquefaction      Hex/Erth       29%        N/A       5%          4
 Ignite Poison            Fire/Tmut/Pois 47%        N/A       6%          3
 Mephitic Cloud           Conj/Pois/Air  47%        N/A       6%          3
 Hailstorm                Conj/Ice       42%        3d10      10%         3
 Stone Arrow              Conj/Erth      84%        3d12      10%         3
 Flame Wave               Conj/Fire      53%        2d13      12%         4
 Sticky Flame             Conj/Fire      53%        2d7       12%         4
 Irradiate                Conj/Tmut      31%        3d22      12%         5
 Iskenderun's Battlesphe  Conj           62%        2d11      12%         5
 Summon Mana Viper        Hex/Summ       59%        N/A       16%         5
 Sandblast                Erth           32%        2d9       26%         1
 Ice Form                 Ice/Tmut       42%        N/A       32%         4
 Petrify                  Tmut/Erth      42%        N/A       32%         4
 Fireball                 Conj/Fire      26%        3d12      32%         5
 Call Imp                 Summ           16%        N/A       36%         2
 Alistair's Intoxication  Tmut/Pois      32%        N/A       43%         5
 Dispersal                Tloc           31%        N/A       54%         6
 Vampiric Draining        Necr           16%        2d7       58%         3
 Summon Lightning Spire   Summ/Air       29%        N/A       65%         4
 Freezing Cloud           Conj/Ice/Air   21%        6-21      65%         5
 Conjure Ball Lightning   Conj/Air       26%        3x3d7     87%         6
 Starburst                Conj/Fire      26%        6d8       87%         6
 Animate Armour           Summ/Erth      32%        N/A       94%         4
 Dispel Undead            Necr           16%        3d10      94%         4
 Summon Ice Beast         Ice/Summ       16%        N/A       94%         4
 Eringya's Noxious Bog    Tmut/Pois      24%        N/A       95%         6
 Dragon Form              Tmut           31%        N/A       98%         7
 Iron Shot                Conj/Erth      21%        9d5       99%         6
 Statue Form              Tmut/Erth      28%        N/A       99%         6
 Borgnjor's Vile Clutch   Necr/Erth      8%         N/A       100%        5
 Lee's Rapid Deconstruct  Erth           8%         3d7*      100%        5
 Simulacrum               Ice/Necr       8%         N/A       100%        6
 Summon Cactus Giant      Summ           8%         N/A       100%        6
 Monstrous Menagerie      Summ           8%         N/A       100%        7
 Spellforged Servitor     Conj/Summ      21%        N/A       100%        7
 Borgnjor's Revivificati  Necr           8%         N/A       100%        8
 Disjunction              Tloc           31%        N/A       100%        8
 Ignition                 Fire           21%        3d8       100%        8
 Necromutation            Tmut/Necr      21%        N/A       100%        8
 Death's Door             Necr           8%         N/A       100%        9
 Dragon's Call            Summ           8%         N/A       100%        9
 Polar Vortex             Ice            8%         N/A       100%        9


Dungeon Overview and Level Annotations

Branches:
Dungeon (15/15)            Temple (1/1) D:5            Lair (5/5) D:9
  Swamp (4/4) Lair:2       Spider (4/4) Lair:2        Slime (0/5) Lair:4
    Orc (2/2) D:12            Elf (3/3) Orc:2        Vaults (5/5) D:13
  Crypt (3/3) Vaults:2       Tomb (0/3) Crypt:3      Depths (0/4) D:15
 Bailey (visited)           IceCv (visited)

Altars:
Ashenzari
Cheibriados
Dithmenos
Elyvilon
Fedhas
Gozag
Hepliaklqana
Kikubaaqudgha
Makhleb
Nemelex Xobeh
Okawaru
Qazlal
Ru
Sif Muna
Trog
Uskayaw
Vehumet
Wu Jian
Xom
Yredelemnul
Zin
The Shining One
Jiyva

Shops:
D:1 [*(((   D:9 *   D:12 [[(*   Orc:1 =   Orc:2 ([*:   Elf:2 ?   Vaults:1 ?[*
Vaults:2 !

Annotations:
Lair:4 2 transporters, Inib's ghost, journeyman TrFi
Swamp:1 1 runed translucent door, exclusion: door, Athor's ghost, journeyman VSFi
Elf:2 3 runed translucent doors


Innate Abilities, Weirdness & Mutations

You have sharp toenails.
You are somewhat resistant to further mutation.


Message History

The green very ugly thing misses you.
You climb upwards.
There is a stone staircase leading down here.
You can't go up here!
Unknown command.
You're too confused to cast spells.
You clumsily bash the golden dragon but do no damage.
The deep troll closely misses you. The deep troll misses you.
The deep troll claws you but does no damage.
The ettin hits you with a +2 vorpal dire flail.
The ettin hits you with a +0 dire flail of holy wrath!!
* * * LOW HITPOINT WARNING * * *
The golden dragon bites you!!
* * * LOW HITPOINT WARNING * * *
The golden dragon claws you but does no damage.
The golden dragon tramples you but does no damage.
The freezing wraith misses you.
The freezing wraith hits you but does no damage.
The deep troll barely misses you. The deep troll closely misses you.
The deep troll barely misses you. The golden dragon barely misses you.
The golden dragon claws you but does no damage.
The golden dragon tramples you but does no damage.
The elephant tramples you but does no damage.
The elephant trunk-slaps you but does no damage.
The green very ugly thing barely misses you.
The deep troll barely misses you.
The deep troll claws you but does no damage. x2
The deep troll bites you but does no damage.
The deep troll claws you.
* * * LOW HITPOINT WARNING * * *
The deep troll claws you but does no damage.
The golden dragon bites you but does no damage.
The golden dragon claws you but does no damage.
The golden dragon tramples you but does no damage.
The freezing wraith barely misses you. The freezing wraith hits you.
* * * LOW HITPOINT WARNING * * *
The freezing wraith drains your vigour!
You feel yourself slow down. The ettin misses you.
The ettin hits you with a +0 dire flail of holy wrath!
You die...

#........# ##.....## #.)
#######........#######'##########
.................................
.................................
#######......######+##..#########
......'......#.......#..#........
......#......#.......#..#[.......
......#......#.uDT...#..#........
......#......#†W@Y...#..#........
......#......#.DCT...#..#........
......#......#.......#..#......[.
#######......#########..#########
.................................
...............................).
.................................
#######........##################
......#........'.....)#


You could see 2 golden dragons, a green very ugly thing, an elephant shaped
shifter, an ettin, 2 deep trolls and a freezing wraith.

Vanquished Creatures
  A dread lich (Vaults:5)
  Mara (Vaults:3)
  The ghost of Nofozin the Slayer, a veteran FoFi of Vehumet (Crypt:2)
  Bai Suzhen (Vaults:3)
  Saint Roka (Crypt:1)
  2 golden dragons (Vaults:5)
  Nikola (Elf:1)
  Arachne (Spider:4)
  Rupert (D:15)
  A tentacled monstrosity (Vaults:4)
  Jorgrun (Elf:2)
  A deep elf blademaster (Elf:2)
  2 liches
  A deep elf master archer (Elf:3)
  2 sphinxes
  3 ancient champions
  Gastronok (Lair:3)
  A thorn hunter (Swamp:4)
  Kirke (Lair:4)
  A storm dragon (Vaults:5)
  A shadow dragon (Vaults:5)
  2 tengu reavers
  4 revenants (Crypt:2)
  Roxanne (Swamp:2)
  11 vault wardens
  An iron dragon (Vaults:2)
  10 emperor scorpions
  The ghost of Verendum the Black Belt, an adept OpTm of Ashenzari (D:12)
  6 deep elf sorcerers
  2 juggernaut zombies (Crypt:3)
  7 ghost moths
  3 curse skulls
  A deep elf elementalist (Elf:1)
  A caustic shrike zombie (Crypt:3)
  A caustic shrike skeleton (Crypt:3)
  16 ironbound preservers
  4 orc warlords
  A juggernaut skeleton (Crypt:3)
  3 ghouls (Crypt:1)
  5 ironbound thunderhulks
  5 eleionomae
  6 very ugly things
  3 war gargoyles
  4 stone giants
  5 reapers
  8 deep elf annihilators
  3 broodmothers
  6 vampire knights
  7 dire elephants
  10 bunyips
  2 spark wasps
  2 deep elf demonologists (Elf:3)
  4 deep elf death magi
  8 eidola
  Josephine (Swamp:1)
  An entropy weaver (shapeshifter) (Elf:1)
  A quicksilver dragon zombie (Crypt:1)
  A shambling mangrove (Swamp:1)
  6 great orbs of eyes
  2 deep elf high priests
  An ettin (Orc:1)
  2 fire dragons
  5 spriggan zombies
  2 crystal guardians
  8 jiangshi
  13 yaktaur captains
  5 entropy weavers
  33 vault guards
  A quicksilver dragon skeleton (Crypt:3)
  A mummy priest (Crypt:3)
  27 hydras
  2 ice dragons
  2 peacekeepers
  2 jorogumos (Spider:1)
  A ghost crab (Swamp:2)
  Erolcha (D:10)
  4 spriggan skeletons
  Harold (D:10)
  2 ogre magi
  Erica (D:10)
  A catoblepas (Lair:3)
  A death knight (Crypt:2)
  15 two-headed ogres
  16 boulder beetles
  33 dancing weapons
  12 ironbound frosthearts
  An azure jelly zombie (Crypt:2)
  11 alligators
  9 centaur warriors
  A death scarab (Spider:1)
  5 death yaks (Lair:3)
  4 radroaches
  4 vampire magi
  5 orc high priests
  Urug (D:13)
  A quicksilver ooze zombie (Crypt:2)
  2 spriggan berserkers (Swamp:4)
  4 soul eaters (Crypt:3)
  A storm dragon zombie (Crypt:3)
  15 deep elf knights
  2 shadow wraiths
  A titan skeleton (Crypt:1)
  A golden dragon zombie (Crypt:3)
  7 pharaoh ants
  A goliath frog (Swamp:1)
  A spriggan simulacrum (Crypt:1)
  A sea snake (shapeshifter) (D:4)
  26 skeletal warriors
  6 steelbarb worms
  9 orb spiders
  An iron giant zombie (Crypt:3)
  4 bog bodies
  A spriggan druid (Swamp:3)
  41 deep trolls
  A flayed ghost (Crypt:2)
  17 swamp dragons
  14 lindwurms
  2 anaconda zombies (Crypt:3)
  19 ironbound convokers
  4 orc knights
  8 wizards
  31 deep elf pyromancers
  21 phantasmal warriors
  3 deep elf archers
  27 wolf spiders
  9 harpies (Vaults:1)
  27 ugly things
  27 deep elf zephyrmancers
  A mana viper (shapeshifter) (Elf:1)
  14 necromancers
  3 will-o-the-wisps
  3 orc sorcerers (Orc:2)
  4 cyclopes
  3 manticores
  4 moths of wrath
  A human zombie (Vaults:2)
  A fire giant skeleton (Crypt:2)
  2 naga magi (Vaults:3)
  2 centaur zombies (Crypt:3)
  An eleionoma skeleton (Crypt:1)
  2 guardian serpents (D:13)
  Maurice (D:8)
  24 vault sentinels
  14 black mambas
  3 elephants (Lair:2)
  An ice statue (IceCv)
  A water nymph (shapeshifter) (Elf:3)
  A naga zombie (Crypt:3)
  3 dire elephant zombies
  2 molten gargoyles (Lair:5)
  2 centaur skeletons
  9 gargoyles
  Maggie (D:9)
  A naga skeleton (Crypt:3)
  6 cane toads
  5 torpor snails
  A pale draconian zombie (Crypt:2)
  An alligator snapping turtle skeleton (Crypt:3)
  7 freezing wraiths
  An efreet (D:13)
  39 yaktaurs
  A minotaur zombie (Crypt:3)
  A yaktaur (shapeshifter) (D:15)
  A rime drake (shapeshifter) (Vaults:4)
  12 komodo dragons
  3 rime drakes
  6 ice devils (IceCv)
  2 guardian mummies (Crypt:3)
  A tengu conjurer (Vaults:3)
  10 hellwings (Crypt:3)
  A white draconian skeleton (Crypt:1)
  7 demonic crawlers
  7 trolls
  2 bloated husks
  A meliai (shapeshifter) (Vaults:2)
  10 tyrant leeches
  13 hornets
  3 meliai (Spider:2)
  6 polar bears
  31 tarantellas
  An ettin zombie (Crypt:3)
  4 harpy skeletons
  14 slime creatures
  A deep troll zombie (Vaults:5)
  7 dream sheep (Lair:3)
  15 blink frogs
  Sigmund (D:4)
  A black mamba zombie (Crypt:1)
  28 jumping spiders
  50 yaks
  3 dire elephant simulacra (IceCv)
  A shadow (D:11)
  3 air elementals
  11 wraiths
  31 culicivoras
  5 ettin skeletons
  4 fire bats (D:12)
  A spriggan (shapeshifter) (Vaults:2)
  A water elemental (Elf:2)
  A vampire (Bailey)
  6 wyverns
  3 fire elementals
  10 spriggans
  18 humans
  3 hogs (Lair:4)
  A basilisk (shapeshifter) (Elf:2)
  3 steam dragons
  A yaktaur simulacrum (Vaults:2)
  6 vampire mosquitoes
  8 basilisks
  An elf simulacrum (Vaults:5)
  58 redbacks
  2 death yak simulacra (IceCv)
  20 swamp worms
  2 wargs
  2 hydra simulacra (IceCv)
  5 hell hounds
  3 acid dragons
  A deep troll skeleton (Crypt:3)
  A cane toad zombie (Crypt:2)
  13 water moccasins
  Duvessa (D:4)
  39 orc warriors
  A two-headed ogre skeleton (Crypt:2)
  12 swamp drakes
  5 black bears
  A dream sheep zombie (Crypt:2)
  5 ice beasts
  A sky beast (D:7)
  10 ogres
  7 boggarts
  An elephant skeleton (Crypt:2)
  34 wolves
  4 centaurs (D:15)
  A human skeleton (Vaults:2)
  A blink frog skeleton (Crypt:2)
  3 phantoms
  Blork the orc (D:4)
  3 kobold brigands
  A rime drake skeleton (Crypt:1)
  14 bullfrogs
  2 two-headed ogre simulacra (IceCv)
  2 earth elementals
  A gnoll sergeant (D:7)
  6 scorpions
  5 cane toad simulacra (IceCv)
  3 necrophages
  9 wyvern skeletons (Crypt:3)
  11 wights
  5 elephant simulacra (IceCv)
  Dowan (D:4)
  12 killer bees
  8 vampire bats (Bailey)
  4 howler monkeys
  7 wolf zombies (Bailey)
  3 electric eels
  6 lava snakes
  28 orc priests
  A gnoll bouda (D:7)
  2 hounds
  Ijyb (D:4)
  Crazy Yiuf (D:2)
  Natasha (thrice) (D:3)
  5 iguanas
  25 orc wizards
  7 hell rats (Lair:1)
  2 polar bear simulacra (IceCv)
  A troll simulacrum (IceCv)
  3 wolf simulacra (IceCv)
  A hound skeleton (Crypt:1)
  A mummy (Crypt:3)
  7 gnolls (D:7)
  10 adders
  A steam dragon zombie (Crypt:1)
  2 white imps
  2 ufetubi (IceCv)
  2 worms
  3 dart slugs
  79 orcs
  8 endoplasms
  4 giant cockroaches
  17 goblins
  4 hobgoblins
  4 jackals (D:1)
  A quokka (D:1)
  5 ball pythons
  5 bats
  6 frilled lizards
  19 kobolds
  23 orc zombies (Bailey)
  8 rats
  A river rat skeleton (Crypt:1)
  3 fire vortices (D:12)
1916 creatures vanquished.

Vanquished Creatures (collateral kills)
  A dread lich (Crypt:3)
  An ancient lich (Crypt:3)
  3 deep elf blademasters (Elf:3)
  An ancient champion (Crypt:2)
  Donald (Vaults:1)
  A vault warden (Vaults:2)
  An emperor scorpion (Spider:4)
  A reaper (Crypt:3)
  2 deep elf elementalists (Elf:3)
  A deep elf annihilator (Elf:3)
  2 deep elf demonologists (Elf:3)
  2 deep elf death magi (Elf:3)
  A deep elf high priest (Elf:3)
  An orc high priest (Orc:2)
  A soul eater (Crypt:3)
  2 orb spiders (Spider:4)
  3 orc knights (Orc:2)
  2 deep elf pyromancers (Elf:3)
  An ugly thing (IceCv)
  2 orc sorcerers (Orc:2)
  An anaconda simulacrum (IceCv)
  8 ice devils (IceCv)
  3 hellwings (Crypt:3)
  A culicivora (Spider:4)
  A redback (Spider:4)
  2 hydra simulacra (IceCv)
  10 orc warriors (Orc:2)
  A cane toad simulacrum (IceCv)
  An elephant simulacrum (IceCv)
  2 orc priests (Orc:2)
  3 orc wizards (Orc:2)
  A polar bear simulacrum (IceCv)
  A troll simulacrum (IceCv)
  6 orcs (Orc:2)
  A withered plant (Crypt:3)
72 creatures vanquished.

Vanquished Creatures (others)
  A deep elf zephyrmancer (Elf:3)
  A necromancer (IceCv)
  A culicivora (Spider:4)
  2 water elementals (Elf:1)
  14 foxfires
  21 fungi
  48 plants
  14 withered plants (Crypt:3)
102 creatures vanquished.

Grand Total: 2090 creatures vanquished

Notes
Turn   | Place    | Note
-------+----------+-------------------------------------------
     0 | D:1      | Armakuni the Deep Elf Gladiator began the quest for the
                  | Orb.
     0 | D:1      | Reached XP level 1. HP: 12/12 MP: 3/3
   127 | D:1      | Reached XP level 2. HP: 12/17 MP: 4/4
   278 | D:1      | Found Iqepla Ygyu's Weapon Shop.
   290 | D:1      | Found Iklirhu's Antique Weapon Emporium.
   552 | D:1      | Found Poxoom's Antique Armour Shoppe.
   584 | D:1      | Found Igripec's Weapon Emporium.
   799 | D:1      | Found Hoxahey's General Store.
   872 | D:1      | Reached XP level 3. HP: 12/22 MP: 5/5
  1194 | D:2      | Found a runed translucent door.
  1195 | D:2      | Noticed Crazy Yiuf
  1205 | D:2      | Killed Crazy Yiuf
  1296 | D:2      | Got the Treatise on the Harmful Pyre
  1392 | D:2      | Reached XP level 4. HP: 27/28 MP: 6/6
  1537 | D:2      | Found a faded altar of an unknown god.
  1829 | D:3      | Noticed Natasha
  1835 | D:3      | Killed Natasha
  1836 | D:3      | Reached skill level 1 in Evocations
  2604 | D:3      | Noticed Natasha
  2621 | D:3      | Reached XP level 5. HP: 30/32 MP: 7/7
  2625 | D:3      | Killed Natasha
  2868 | D:3      | Noticed Natasha
  2873 | D:3      | Killed Natasha
  2945 | D:4      | Learned a level 2 spell: Searing Ray
  2963 | D:4      | Noticed an orc warrior
  2967 | D:4      | Gained mutation: You are weak. (Str -2) [potion of
                  | mutation]
  2967 | D:4      | Gained mutation: Armour fits poorly on your strangely
                  | shaped body. [potion of mutation]
  2967 | D:4      | Gained mutation: You are somewhat resistant to further
                  | mutation. [potion of mutation]
  2967 | D:4      | Gained mutation: You have a pair of small horns on your
                  | head. [potion of mutation]
  2971 | D:4      | an orc warrior changed into a glowing shapeshifter
  2971 | D:4      | Noticed a glowing shapeshifter (glowing shapeshifter)
  2971 | D:4      | a glowing shapeshifter changed into a sea snake
  2971 | D:4      | Noticed a sea snake (glowing shapeshifter)
  2979 | D:4      | Killed a sea snake
  2980 | D:4      | Reached skill level 5 in Evocations
  2980 | D:4      | Reached skill level 5 in Fighting
  2980 | D:4      | Reached skill level 5 in Staves
  2980 | D:4      | Reached XP level 6. HP: 29/40 MP: 8/8
  2980 | D:4      | Reached XP level 7. HP: 32/44 MP: 9/9
  3009 | D:4      | Noticed Sigmund
  3019 | D:4      | Killed Sigmund
  3049 | D:4      | Identified the +10 sling of Deet {freeze, Dex+8}
  3062 | D:4      | Reached XP level 8. HP: 15/51 MP: 10/10
  3132 | D:4      | Noticed Duvessa
  3161 | D:4      | Noticed Dowan
  3162 | D:4      | Killed Duvessa
  3235 | D:4      | Killed Dowan
  3269 | D:4      | Noticed Blork the orc
  3279 | D:4      | Killed Blork the orc
  3371 | D:4      | You fall into a shaft and drop 3 floors!
  3486 | D:6      | Lost mutation: You have a pair of small horns on your head.
                  | [potion of mutation]
  3486 | D:6      | Lost mutation: Armour fits poorly on your strangely shaped
                  | body. [potion of mutation]
  3486 | D:6      | Lost mutation: You are weak. (Str -2) [potion of mutation]
  3486 | D:6      | Gained mutation: You have sharp toenails. [potion of
                  | mutation]
  3528 | D:5      | Entered Level 5 of the Dungeon
  3590 | D:5      | Found a staircase to the Ecumenical Temple.
  3608 | Temple   | Entered the Ecumenical Temple
  3608 | Temple   | Found a transporter.
  3608 | Temple   | Found a transporter.
  3610 | Temple   | Found a transporter.
  3610 | Temple   | Found a transporter.
  3707 | D:4      | Noticed Ijyb
  3729 | D:4      | Killed Ijyb
  4265 | D:4      | Reached XP level 9. HP: 57/57 MP: 11/11
  6128 | D:7      | Reached skill level 1 in Ranged Weapons
  6133 | D:7      | Reached skill level 2 in Ranged Weapons
  6320 | D:7      | Reached skill level 3 in Ranged Weapons
  6429 | D:7      | Reached skill level 4 in Ranged Weapons
  6472 | D:8      | Reached skill level 5 in Ranged Weapons
  6763 | Temple   | Became a worshipper of the Shining One
  6878 | D:8      | Found a snail-covered altar of Cheibriados.
  6924 | D:8      | Found a flagged portal.
  6942 | D:8      | Noticed Maurice
  6954 | D:8      | Killed Maurice
  6955 | D:8      | Reached skill level 6 in Ranged Weapons
  6955 | D:8      | Reached XP level 10. HP: 59/65 MP: 12/12
  6981 | Bailey   | Entered a bailey
  7023 | Bailey   | Reached skill level 7 in Ranged Weapons
  7042 | Bailey   | Reached * piety under the Shining One
  7070 | Bailey   | Reached ** piety under the Shining One
  7081 | Bailey   | Identified the +6 quarterstaff of Beogh's Envy {pain, Int+2
                  | Dex+2}
  7166 | Bailey   | Reached skill level 8 in Ranged Weapons
  7173 | Bailey   | Reached *** piety under the Shining One
  7219 | Bailey   | Noticed a gargoyle
  7230 | Bailey   | Killed a gargoyle
  7231 | Bailey   | Reached skill level 9 in Ranged Weapons
  7478 | D:8      | Reached skill level 1 in Invocations
  7557 | D:8      | Found a shadowy altar of Dithmenos.
  7561 | D:8      | Found a burning altar of Makhleb.
  7565 | D:8      | Found a blossoming altar of Fedhas.
  7894 | D:8      | Found an iron altar of Okawaru.
  7907 | D:8      | Reached skill level 10 in Ranged Weapons
  8113 | D:9      | Found Veklet's Gadget Gallery.
  8230 | D:9      | Found an ornate altar of the Wu Jian Council.
  8232 | D:9      | Found a stormy altar of Qazlal.
  8235 | D:9      | Found a shimmering blue altar of Sif Muna.
  8235 | D:9      | Found a basalt altar of Yredelemnul.
  8236 | D:9      | Found a sparkling altar of Nemelex Xobeh.
  8236 | D:9      | Found a shimmering altar of Xom.
  8237 | D:9      | Found a hazy altar of Hepliaklqana.
  8242 | D:9      | Noticed Maggie
  8245 | D:9      | Reached skill level 11 in Ranged Weapons
  8251 | D:9      | Killed Maggie
  8279 | D:9      | Reached skill level 5 in Invocations
  8284 | D:9      | Reached **** piety under the Shining One
  8297 | D:9      | Found a staircase to the Lair.
  8476 | D:9      | Reached XP level 11. HP: 56/69 MP: 17/17
  8942 | D:10     | Entered Level 10 of the Dungeon
  8958 | D:10     | Found a hide-covered altar of Uskayaw.
  8968 | D:10     | Noticed Harold
  8987 | D:10     | Killed Harold
  8988 | D:10     | Reached skill level 12 in Ranged Weapons
  9099 | D:10     | Learned a level 1 spell: Slow
  9103 | D:10     | Learned a level 3 spell: Confusing Touch
  9177 | D:10     | Found a sacrificial altar of Ru.
  9791 | D:10     | Found a bloodstained altar of Trog.
  9856 | D:10     | Noticed Erolcha
  9860 | D:10     | Killed Erolcha
  9923 | D:10     | Noticed Erica
  9939 | D:10     | Killed Erica
  9940 | D:10     | Reached skill level 13 in Ranged Weapons
 10360 | D:11     | Noticed a two-headed ogre
 10365 | D:11     | Killed a two-headed ogre
 10445 | D:11     | Noticed a two-headed ogre
 10456 | D:11     | Killed a two-headed ogre
 10457 | D:11     | Reached skill level 14 in Ranged Weapons
 10853 | D:12     | Noticed a deep elf pyromancer
 10853 | D:12     | Noticed a two-headed ogre
 10853 | D:12     | Found Aconeddu's General Store.
 10859 | D:11     | Killed a deep elf pyromancer
 10942 | D:12     | Noticed an orc knight
 10948 | D:12     | Noticed a two-headed ogre
 10973 | D:12     | Noticed a two-headed ogre
 10973 | D:12     | Noticed Verendum's ghost (adept OpTm)
 10977 | D:12     | Noticed a two-headed ogre
 10981 | D:12     | Killed a two-headed ogre
 10982 | D:12     | Reached skill level 10 in Invocations
 11095 | D:12     | Found a bloodstained altar of Trog.
 11102 | D:12     | Found a transporter.
 11105 | D:12     | Found a transporter.
 11153 | D:12     | Reached XP level 12. HP: 75/75 MP: 21/21
 11374 | D:12     | Reached ***** piety under the Shining One
 11420 | D:12     | Found Talalius's Antique Armour Shop.
 11535 | D:12     | Found Neeg's Antique Weapon Shoppe.
 11541 | D:12     | Found a staircase to the Orcish Mines.
 11631 | D:12     | Reached skill level 5 in Dodging
 11675 | D:12     | Noticed a boulder beetle
 11692 | D:12     | Killed a boulder beetle
 11763 | D:12     | Found Edaleym's Antique Armour Boutique.
 11884 | Orc:1    | Entered Level 1 of the Orcish Mines
 12579 | D:1      | Bought a +2 double sword of pain for 643 gold pieces
 12626 | D:1      | Bought a pair of glowing gloves for 142 gold pieces
 12933 | Orc:2    | Entered Level 2 of the Orcish Mines
 12980 | Orc:1    | Noticed an ettin
 12987 | Orc:1    | Killed an ettin
 13194 | Orc:1    | Found Gaesay's Jewellery Emporium.
 13338 | Orc:2    | Noticed a boulder beetle
 13358 | Orc:2    | Killed a boulder beetle
 13359 | Orc:2    | Reached skill level 1 in Armour
 13702 | Orc:2    | Found a staircase to the Elven Halls.
 13719 | Orc:2    | Noticed an orc high priest
 13723 | Orc:2    | Noticed an orc high priest
 13730 | Orc:2    | Killed an orc high priest
 13739 | Orc:2    | Killed an orc high priest
 13749 | Orc:2    | Noticed an orc warlord
 13760 | Orc:2    | Killed an orc warlord
 13803 | Orc:2    | Reached XP level 13. HP: 49/80 MP: 17/24
 13825 | Orc:2    | Reached skill level 10 in Dodging
 13849 | Orc:2    | Reached skill level 5 in Armour
 13856 | Orc:2    | Gained Orkrul as an ally
 13912 | Orc:2    | Found Wale Nywn's General Store.
 13912 | Orc:2    | Reached ****** piety under the Shining One
 13913 | Orc:2    | Found Teybul's Book Shop.
 13918 | Orc:2    | Found Zolesmir's Antique Armour Shop.
 13918 | Orc:2    | Found Conautegg's Antique Weapon Boutique.
 14492 | Orc:2    | Bought the +5 arbalest of the Candelabrum {speed, rC+
                  | Dex+4} for 791 gold pieces
 14665 | Lair:1   | Entered Level 1 of the Lair of Beasts
 14668 | Lair:1   | Identified a +4 double sword of holy wrath (a +2 double
                  | sword of pain blessed by the Shining One)
 14668 | Lair:1   | Received a gift from the Shining One
 15092 | Lair:1   | Found a shimmering blue altar of Sif Muna.
 15487 | Lair:1   | Reached skill level 15 in Ranged Weapons
 15646 | Lair:2   | Found a hole to the Spider Nest.
 15963 | Lair:2   | Found a hazy altar of Hepliaklqana.
 16351 | Lair:2   | Reached skill level 16 in Ranged Weapons
 16533 | Lair:2   | Reached XP level 14. HP: 80/84 MP: 14/25
 16593 | Lair:2   | Found a staircase to the Swamp.
 16806 | Lair:3   | Noticed Gastronok
 16830 | Lair:3   | Killed Gastronok
 16973 | Lair:3   | Found a frozen archway.
 17016 | IceCv    | Entered an ice cave
 17121 | IceCv    | Reached skill level 17 in Ranged Weapons
 17239 | IceCv    | Found an ancient bone altar of Kikubaaqudgha.
 17449 | IceCv    | Got the Atlas of Grisly Hypothermia
 17874 | Lair:3   | Reached skill level 18 in Ranged Weapons
 17881 | Lair:3   | Reached skill level 10 in Armour
 18257 | Lair:4   | Found a transporter.
 18260 | Lair:4   | Found a transporter.
 18261 | Lair:4   | Noticed Inib's ghost (journeyman TrFi)
 18288 | Lair:4   | Noticed Kirke
 18307 | Lair:4   | Killed Kirke
 18366 | Lair:4   | Found a basalt altar of Yredelemnul.
 18453 | Lair:4   | Found a staircase to the Slime Pits.
 18453 | Lair:4   | Found a viscous altar of Jiyva.
 18458 | Lair:4   | Got the Vellum of the Mutagenic Squall
 18944 | D:12     | Bought a pitted ring mail for 225 gold pieces
 18944 | D:12     | Identified the +1 ring mail of the Seven Underlurkers
                  | {Will+ Dex+2} (You bought it in a shop on level 12 of the
                  | Dungeon)
 18986 | D:12     | Killed Verendum's ghost
 19068 | D:12     | Reached XP level 15. HP: 92/92 MP: 16/26
 19405 | Lair:5   | Entered Level 5 of the Lair of Beasts
 19581 | Lair:5   | Reached skill level 10 in Fighting
 19965 | Lair:5   | Found a large runed translucent door.
 19967 | Lair:5   | Found a large runed translucent door.
 21031 | Orc:1    | Bought an amulet of regeneration for 420 gold pieces
 21182 | Lair:1   | Learned a level 3 spell: Mephitic Cloud
 21302 | D:13     | Noticed Urug
 21302 | D:13     | Found a gate to the Vaults.
 21392 | D:13     | Killed Urug
 21393 | D:13     | Reached skill level 1 in Spellcasting
 21393 | D:13     | Reached skill level 1 in Conjurations
 21393 | D:13     | Reached skill level 1 in Poison Magic
 21397 | D:13     | Reached skill level 1 in Air Magic
 21826 | D:13     | Reached skill level 5 in Spellcasting
 21988 | D:13     | Identified the +2 pair of boots of the Iron City of Dis
                  | {Regen+ rCorr Slay+5}
 23588 | D:14     | Reached XP level 16. HP: 100/100 MP: 29/29
 23604 | D:15     | Entered Level 15 of the Dungeon
 23654 | D:15     | Reached skill level 15 in Invocations
 23891 | D:15     | Noticed Rupert
 23894 | D:15     | Paralysed by Rupert for 3 turns
 23903 | D:15     | Killed Rupert
 24045 | D:15     | Found a portal to a secret trove of treasure.
 24249 | Lair:1   | Identified a scroll of acquirement
 24256 | Lair:1   | Acquired a manual of Translocations
 24430 | D:15     | You paid a toll of +2 ice dragon scales to enter a treasure
                  | trove
 24431 | Trove    | Entered a treasure trove
 24455 | Trove    | Identified the ring "Rusevudwag" {Ice Will+}
 24467 | Trove    | Identified the amulet of Duxar {RegenMP Fly rPois Will+}
 24483 | Trove    | Identified the amulet of Hepliaklqana's Scorn {Reflect
                  | Str+8 SH+5}
 24495 | Trove    | Identified the ring "Aroin" {*Slow rC++ Will+++ EV+4 Str-5}
 24497 | Trove    | Identified the ring of Zoff {*Corrode Fly rN+++ Int+6
                  | Dex-4}
 24501 | Trove    | Identified the amulet of Finality {Acrobat Rampage Int+4}
 24507 | Trove    | Identified the amulet of Ofiomef {Reflect rF- rN+ Int+4
                  | SH+5}
 25057 | D:15     | Found a staircase to the Depths.
 25407 | D:12     | Bought a runed scarf for 200 gold pieces
 25513 | Orc:2    | Bought a pair of embroidered gloves for 255 gold pieces
 25746 | Spider:1 | Entered Level 1 of the Spider Nest
 25914 | Spider:1 | Reached skill level 5 in Conjurations
 27231 | Spider:1 | Learned a level 5 spell: Silence
 27275 | Spider:2 | Reached skill level 1 in Hexes
 27311 | Spider:2 | Reached skill level 5 in Hexes
 27531 | Spider:2 | Reached XP level 17. HP: 108/108 MP: 30/30
 28007 | Spider:2 | Reached skill level 10 in Hexes
 28993 | Spider:4 | Entered Level 4 of the Spider Nest
 29026 | Spider:4 | Reached skill level 10 in Spellcasting
 29045 | Spider:4 | Learned a level 4 spell: Iskenderun's Mystic Blast
 29089 | Spider:4 | Noticed Arachne
 29113 | Spider:4 | Killed Arachne
 29235 | Spider:4 | Reached skill level 5 in Air Magic
 29242 | Spider:4 | Reached skill level 19 in Ranged Weapons
 29256 | Spider:4 | Learned a level 2 spell: Passwall
 29262 | Spider:4 | Learned a level 5 spell: Metabolic Englaciation
 29307 | Spider:4 | Got Epteod's Quarto of Arenous Imprecation
 29504 | Spider:4 | Reached skill level 20 in Ranged Weapons
 29609 | Spider:4 | Got a gossamer rune of Zot
 30380 | Swamp:1  | Entered Level 1 of the Swamp
 30404 | Swamp:1  | Noticed Josephine
 30415 | Swamp:1  | Killed Josephine
 30416 | Swamp:1  | Reached skill level 21 in Ranged Weapons
 30605 | Swamp:1  | Found a runed translucent door.
 30606 | Swamp:1  | Noticed Athor's ghost (journeyman VSFi)
 30618 | Swamp:1  | Identified the +11 trident "Nuteurhi" {freeze, +Blink Int-4
                  | Dex+4}
 30695 | Swamp:1  | Reached XP level 18. HP: 28/114 MP: 23/34
 31237 | Swamp:2  | Reached skill level 22 in Ranged Weapons
 31284 | Swamp:2  | Learned a level 3 spell: Inner Flame
 31342 | Swamp:2  | Reached skill level 1 in Fire Magic
 31649 | Swamp:2  | Noticed Roxanne
 31661 | Swamp:2  | Killed Roxanne
 32220 | Swamp:3  | Identified the +1 halberd "Qeymatto" {vorpal, rN++ Dex-3}
 32566 | Swamp:3  | Reached skill level 23 in Ranged Weapons
 32668 | Swamp:4  | Entered Level 4 of the Swamp
 32771 | Swamp:4  | Reached skill level 5 in Fire Magic
 33103 | Swamp:4  | Reached skill level 24 in Ranged Weapons
 33213 | Swamp:4  | Got a decaying rune of Zot
 33249 | Swamp:4  | Learned a level 3 spell: Tukima's Dance
 33624 | Elf:1    | Entered Level 1 of the Elven Halls
 33871 | Elf:1    | Identified the +7 battleaxe of Causality {pain, Drain rPois
                  | Dex+7}
 33925 | Elf:1    | Reached XP level 19. HP: 119/119 MP: 32/35
 34036 | Elf:1    | Noticed Nikola
 34512 | Elf:1    | Killed Nikola
 35064 | Elf:2    | Reached skill level 25 in Ranged Weapons
 35239 | Elf:2    | Found Rairhasm's Magic Scroll Emporium.
 35248 | Elf:2    | Bought a scroll of fear for 80 gold pieces
 35248 | Elf:2    | Bought a scroll of enchant armour for 150 gold pieces
 35248 | Elf:2    | Bought a scroll of summoning for 190 gold pieces
 35341 | Elf:2    | Found a runed translucent gate.
 35342 | Elf:2    | Found a runed translucent gate.
 35342 | Elf:2    | Found a runed translucent gate.
 35525 | Elf:2    | Noticed Jorgrun
 35551 | Elf:2    | Killed Jorgrun
 36193 | Elf:3    | Entered Level 3 of the Elven Halls
 36284 | Elf:3    | Reached skill level 15 in Hexes
 36289 | Elf:3    | Reached skill level 26 in Ranged Weapons
 36493 | Elf:3    | Noticed a Brimstone Fiend
 36548 | Elf:3    | Reached skill level 27 in Ranged Weapons
 36550 | Elf:3    | Identified the +6 falchion of Okawill {pain, rN+ Str+2
                  | Int-2}
 36554 | Elf:3    | Reached XP level 20. HP: 124/124 MP: 36/36
 36591 | Elf:3    | Got the Anthology of Combustion and the Gathering
 36593 | Elf:3    | Found the +2 cloak of the Thief {*Fog Slay-2 SInv Stlth+}
 36597 | Elf:3    | Identified the +4 longbow "Foexasal" {antimagic, rPois
                  | Will+ Str+4 Int-3}
 36626 | Elf:3    | Found the +2 hat of the Bear Spirit {Spirit, *Rage Will++}
 36627 | Elf:3    | Got the Lectures on Shaping
 36779 | Elf:3    | Identified the +10 long sword of Zealous Guile {vorpal,
                  | *Noise Will++ rCorr Str+3}
 36867 | Elf:3    | Paralysed by an air elemental for 1 turns
 37667 | D:12     | Bought an ancient great sword for 322 gold pieces
 37667 | D:12     | Identified the +1 great sword "Son Xee" {spect, rF+ Will+}
                  | (You bought it in a shop on level 12 of the Dungeon)
 37670 | D:12     | Bought a shimmering lajatang for 560 gold pieces
 37670 | D:12     | Identified the +10 lajatang of Kuet {elec, Will- Int+6}
                  | (You bought it in a shop on level 12 of the Dungeon)
 37867 | Vaults:1 | Entered Level 1 of the Vaults
 37902 | Vaults:1 | Found Vadummecs's Armour Shop.
 37903 | Vaults:1 | Found Enitogori's Magic Scroll Shop.
 37916 | Vaults:1 | Bought a scroll of blinking for 112 gold pieces
 37916 | Vaults:1 | Bought a scroll of magic mapping for 112 gold pieces
 37938 | Vaults:1 | Found Nownadey's Assorted Antiques.
 38312 | Vaults:1 | Noticed Donald
 38318 | Vaults:1 | Killed Donald
 39688 | Vaults:2 | Reached skill level 10 in Staves
 40315 | Vaults:2 | Learned a level 2 spell: Wereblood
 40461 | Vaults:2 | Found Rosujemp's Distillery.
 40469 | Vaults:2 | Bought a potion of heal wounds for 65 gold pieces
 40469 | Vaults:2 | Bought a potion of heal wounds for 65 gold pieces
 40469 | Vaults:2 | Bought a potion of haste for 130 gold pieces
 40515 | Vaults:2 | Reached skill level 1 in Transmutations
 40619 | Vaults:2 | Found a staircase to the Crypt.
 40855 | Crypt:1  | Entered Level 1 of the Crypt
 40926 | Crypt:1  | Reached XP level 21. HP: 95/129 MP: 37/37
 40944 | Crypt:1  | Reached skill level 15 in Armour
 40948 | Crypt:1  | Reached skill level 5 in Transmutations
 41132 | Crypt:1  | Noticed Saint Roka
 41147 | Crypt:1  | Killed Saint Roka
 41266 | Crypt:1  | Found a basalt altar of Yredelemnul.
 41929 | Crypt:2  | Noticed Nofozin's ghost (veteran FoFi)
 41936 | Crypt:2  | Found a runed translucent door.
 41966 | Crypt:2  | Killed Nofozin's ghost
 42005 | Crypt:2  | Got the Papyrus of Terror
 42196 | Crypt:2  | Learned a level 5 spell: Yara's Violent Unravelling
 42690 | Crypt:3  | Entered Level 3 of the Crypt
 42914 | Crypt:3  | Identified the +3 lajatang of Tiluicvaon {drain, rElec}
 43290 | Crypt:3  | Reached skill level 10 in Transmutations
 43301 | Crypt:3  | Found a staircase to the Tomb.
 43469 | Crypt:3  | Identified the +0 plate armour "Itti" {*Corrode Str+3
                  | Dex+4}
 43522 | Crypt:3  | Found an ancient bone altar of Kikubaaqudgha.
 43874 | Crypt:3  | Noticed a dread lich
 43874 | Crypt:3  | Noticed an ancient lich
 43880 | Crypt:3  | Killed an ancient lich
 43890 | Crypt:3  | Killed a dread lich
 43891 | Crypt:3  | Reached XP level 22. HP: 135/135 MP: 32/38
 43898 | Crypt:3  | Identified the +9 plate armour of Foolhardiness {rPois
                  | Int+4 Dex-4}
 43990 | Crypt:3  | Identified the +8 sling "Murmur" {flame, rC+++ rCorr Str-2
                  | Dex-2}
 44014 | Crypt:3  | Reached skill level 15 in Dodging
 44573 | Crypt:3  | Got Quteoxod's Intricacies of Witchcraft
 45124 | Vaults:3 | Noticed Mara
 45131 | Vaults:3 | Noticed Armakuni's illusion
 45134 | Vaults:3 | Killed Mara
 45180 | Vaults:3 | Noticed Bai Suzhen
 45198 | Vaults:3 | Killed Bai Suzhen
 45281 | Vaults:3 | Found a radiant altar of Vehumet.
 45292 | Vaults:3 | Learned a level 2 spell: Blink
 45304 | Vaults:3 | Identified the +1 robe of Lonais {rPois Int+4}
 45376 | Vaults:3 | Reached skill level 1 in Translocations
 45612 | Vaults:3 | Reached skill level 5 in Translocations
 45905 | Vaults:3 | Reached skill level 10 in Translocations
 47717 | Vaults:5 | Entered Level 5 of the Vaults
 47721 | Vaults:5 | Reached XP level 23. HP: 126/140 MP: 30/41
 47725 | Vaults:5 | Noticed a dread lich
 47782 | Vaults:4 | Acquired a book of the Dragon
 47789 | Vaults:4 | Learned a level 4 spell: Cause Fear
 47789 | Vaults:4 | Acquired 869 gold pieces
 47791 | Vaults:4 | Acquired 1183 gold pieces
 47806 | Vaults:5 | Reached skill level 10 in Conjurations
 47881 | Vaults:5 | Killed a dread lich
 48775 | Vaults:4 | Mangled by an ettin

Illustrated notes

Levels and vault maps discovered:
D:1:      saegor_arrival_fortress, layout_loops_corners, serial_shops,
          nicolae_shop_bloodbath_and_beyond, nicolae_shop_statue_plus, shop,
          nicolae_shop_statue_plus, nicolae_diamond_shop
D:2:      cheibrodos_greedy_goblins, layout_loops_ring,
          shapermc_ecumenical_altar_totnotflames, uniq_crazy_yiuf_cottage
D:3:      layout_basic, serial_bayou, serial_bayou_crossing,
          serial_bayou_shore_b, serial_bayou_lake_a, serial_bayou_shore_b,
          uniq_natasha
D:4:      layout_loops_ring, uniq_blork_the_orc, uniq_ijyb, uniq_duvessa,
          uniq_sigmund
D:5:      layout_gridville, temple_fountains, minmay_misc_feat_iff,
          kennysheep_another_room
D:6:      layout_cave_pools
D:7:      layout_basic
D:8:      layout_loops_ring, lemuel_crystal_altar, okawaru_humans,
          grunt_temple_overflow_diamond, enter_bailey_5, uniq_maurice
D:9:      layout_gridville, grunt_temple_overflow_open,
          grunt_lair_entry_orc_guard_hut, nicolae_shop_gadgets, uniq_maggie
D:10:     layout_roguey, nicolae_uskayaw_suspiria,
          mainiacjoe_overflow_cross_hatched, mainiacjoe_overflow_24_doors,
          minmay_misc_feat_square, minmay_between, uniq_harold, uniq_erolcha,
          uniq_erica
D:11:     layout_roguey, patterned_corridor
D:12:     layout_basic, orc_0_dummy, serial_shops, nicolae_shop_crystal,
          nicolae_stop_n_shop_1, shop, shop_fountains,
          gammafunk_ghost_wrathful_warriors, dreamdust_deal_with_the_devil,
          hangedman_incinerator
D:13:     nrook_guardian_serpent_snake_passage, layout_stronghold,
          david_vaults_3, minivault_10, minmay_misc_feat_secret_circle,
          nicolae_eternal_life, chequers_serial_rivers_micro_c
D:14:     gargoyle_guard, layout_basic, ebering_dispersal_statue_hall
D:15:     grunt_enter_depths_hoard, layout_layer_cave,
          nicolae_trove_entry_columns, uniq_rupert
Temple:   hellmonk_temple_divided_pantheon
Lair:1:   layout_chaotic_city, basic_altar
Lair:2:   layout_concentric_octagons, palyth_hydra_swamp_entry,
          nicolae_spider_entry_tight_spaces, basic_altar
Lair:3:   layout_roguey, portal_ice_cave_entry_animals_and_master,
          forest_entry_grove, infiniplex_staircase_pool, uniq_gastronok
Lair:4:   layout_big_grid, slime_entry_1, gammafunk_ghost_hive, basic_altar,
          uniq_kirke
Lair:5:   cheibrodos_lair_end_hotspot, layout_regular_city,
          nicolae_lair_grazing_beasts [nicolae_sub_lair_graze_edge,
          nicolae_sub_lair_graze_edge, nicolae_sub_lair_graze_edge,
          nicolae_sub_lair_graze_edge]
Swamp:1:  layout_basic_swamp, ebering_ghost_funeral_grove,
          hangedman_swamp_blocks, uniq_josephine
Swamp:2:  layout_basic_swamp, hangedman_swamp_pad, swamp_pool1,
          st_swamp_ruins_4, uniq_roxanne
Swamp:3:  layout_basic_swamp, hangedman_swamp_ruin_hall, swamp_pool3,
          nicolae_swamp_bunyip_nook
Swamp:4:  swamp_basic_johnstein, layout_basic_swamp
Spider:1: nicolae_spider_hilbert_zone_1 [nicolae_spider_hilbert_4_sides_1_open,
          nicolae_spider_hilbert_4_sides_1_open,
          nicolae_spider_hilbert_4_sides_1_open,
          nicolae_spider_hilbert_4_sides_1_open,
          nicolae_spider_hilbert_3_sides_1_open,
          nicolae_spider_hilbert_3_sides_1_open,
          nicolae_spider_hilbert_3_sides_1_open,
          nicolae_spider_hilbert_3_sides_1_open,
          nicolae_spider_hilbert_3_sides_1_open,
          nicolae_spider_hilbert_6_sides_1_open,
          nicolae_spider_hilbert_6_sides_1_open,
          nicolae_spider_hilbert_3_sides_1_open,
          nicolae_spider_hilbert_3_sides_1_open,
          nicolae_spider_hilbert_3_sides_1_open,
          nicolae_spider_hilbert_3_sides_1_open,
          nicolae_spider_hilbert_2_sides_1_open]
Spider:2: layout_spider_delve, hangedman_spider_trapstep,
          nicolae_spider_cling_halls
Spider:3: layout_spider_delve, hellmonk_watch_for_rolling_rocks
Spider:4: grunt_spider_rune_circles, uniq_arachne
Orc:1:    layout_caves, serial_shops, nicolae_lakefront_shop
Orc:2:    st_orc_congregation, layout_diamond_mine, rock_pile
Elf:1:    nicolae_elf_arrival_no_cutting_in_line, layout_geoelf_octagon,
          hangedman_elf_represent, uniq_nikola
Elf:2:    nicolae_elf_blades_crystal_corner, layout_rooms, serial_shops,
          shop_fountains, hangedman_elven_crosses_minicolossus, uniq_jorgrun
Elf:3:    minmay_elf_hall_quartered_circle, layout_onion_city
Vaults:1: v_alt_pattern_2, nicolae_vaults_network_barrier, v_misc_9,
          vaults_dpeg_encased_lava, hangedman_vaults_maws, vaults_mumra_hexcomb,
          grunt_vaults_hallway_short, ontoclasm_vaults_hangar,
          nicolae_vaults_gold_heap, vaults_dpeg_emergency_exit,
          vaults_mumra_minichess_inversion, layout_vaults_quadrants,
          serial_shops, nicolae_diamond_shop, shop, shop, uniq_donald
Vaults:2: minmay_crypt_entry_simple_box, vaults_room_hallway,
          dpeg_vaults_monster_row, vaults_standard_mumra_lines,
          ontoclasm_vaults_gateway, nicolae_vaults_circle_grid_b, v_pattern_1,
          grunt_vaults_twisty, dpeg_vaults_hating_casters,
          nicolae_vaults_asterisk, ontoclasm_vaults_shuriken,
          layout_vaults_ring, serial_shops, nicolae_shop_stone, uniq_margery
Vaults:3: v_rooms_3, v_misc_3, nicolae_vaults_what_the_h, vaults_room_fours,
          ontoclasm_vaults_idyll, nicolae_vaults_little_squares_3,
          vaults_standard_mumra_x, ontoclasm_vaults_loading_screen,
          hangedman_vaults_maws, vaults_dpeg_cross, nicolae_vaults_angled_halls,
          grunt_tower_of_power, layout_vaults_maze_bifur, uniq_mara,
          uniq_bai_suzhen
Vaults:4: st_spiral_rooms, nicolae_vaults_circle_grid_b, v_misc_5, v_misc_17,
          v_misc_3, nicolae_vaults_network_s, hangedman_vaults_stagger,
          ontoclasm_vaults_bender, vaults_dpeg_doors, v_rooms_6,
          ontoclasm_vaults_ligature, nicolae_vaults_shelves_hall,
          vaults_room_hallway, layout_vaults_omnicross
Vaults:5: serial_shops
Crypt:1:  layout_gridlike, basic_altar, serial_sigils_hangedman_scratch,
          hangedman_weighted_door, grunt_ministairs_15,
          serial_sigils_hangedman_writhe, uniq_josephina, uniq_saint_roka
Crypt:2:  layout_gridlike, hellmonk_ghost_big_iron, minmay_misc_feat_five,
          grunt_megastairs_3
Crypt:3:  evilmike_haunted_forest

Skill      XL: |  1  2  3  4  5  6  7  8  9 10 11 12 13 14 15 16 17 18 19 20 21 22 23 |
---------------+----------------------------------------------------------------------+-----
Fighting       | 2 3 5 7 8 9 11 13 | 13.1
Evocations     | 2 5 |  5.0
Staves         | 5 6 7 11 12 | 12.5
Ranged Weapons | 6 11 14 16 18 21 24 27 | 27.0
Invocations    | 5 10 12 13 14 15 | 15.2
Dodging        | 9 10 14 15 | 15.0
Armour         | 3 8 10 14 15 | 15.5
Spellcasting   | 5 10 12 | 12.4
Conjurations   | 3 5 9 10 | 10.0
Poison Magic   | 3 |  3.0
Air Magic      | 3 5 |  5.0
Hexes          | 8 10 11 15 16 18 | 18.6
Fire Magic     | 5 |  5.0
Transmutations | 4 10 | 10.0
Translocations | 10 | 10.0
Throwing       | |  2.0

Action                   |  1- 3 |  4- 6 |  7- 9 | 10-12 | 13-15 | 16-18 | 19-21 | 22-24 || total
-------------------------+-------+-------+-------+-------+-------+-------+-------+-------++-------
Melee: Quarterstaff      |    98 |   101 |   113 |       |       |       |       |       ||   312
       Headbutt          |       |     2 |    19 |       |       |       |       |       ||    21
       Kick              |       |       |    12 |       |       |       |       |       ||    12
       Arbalest          |       |       |       |       |       |     1 |       |     1 ||     2
       Lajatang          |       |       |       |       |       |       |       |    27 ||    27
 Fire: Sling             |       |       |   163 |   685 |    74 |       |       |       ||   922
       Arbalest          |       |       |       |       |  1018 |  1285 |  1410 |   531 ||  4244
Throw: Throwing net      |     1 |     1 |     2 |       |       |       |       |       ||     4
       Javelin           |       |       |     1 |       |       |       |       |       ||     1
 Cast: Mephitic Cloud    |       |       |       |       |       |     4 |       |       ||     4
       Slow              |       |       |       |       |       |     4 |       |       ||     4
       Silence           |       |       |       |       |       |     1 |     2 |       ||     3
       Inner Flame       |       |       |       |       |       |    31 |    69 |    30 ||   130
       Wereblood         |       |       |       |       |       |       |     3 |    15 ||    18
       Iskenderun's Myst |       |       |       |       |       |       |       |     4 ||     4
Invok: Summon Divine War |       |       |       |     1 |     1 |     1 |     3 |       ||     6
       Cleansing Flame   |       |       |       |       |    15 |    23 |    37 |    39 ||   114
       Divine Shield     |       |       |       |       |    14 |    16 |    31 |    14 ||    75
       Brand Weapon With |       |       |       |       |     1 |       |       |       ||     1
Evoke: Wand              |       |       |     9 |    26 |     1 |     3 |     5 |     1 ||    45
       Lightning rod     |       |       |       |     6 |    13 |       |       |       ||    19
       Box of beasts     |       |       |       |       |       |     3 |     1 |       ||     4
       Phantom mirror    |       |       |       |       |       |     1 |     7 |       ||     8
       Tin of tremorston |       |       |       |       |       |       |     2 |     2 ||     4
  Use: Scroll            |     5 |     1 |     6 |    11 |     6 |    11 |     8 |    15 ||    63
       Potion            |     1 |     3 |     3 |     4 |       |     4 |     6 |     2 ||    23
 Stab: Sleeping          |     1 |       |       |       |       |       |       |       ||     1
       Held in net/web   |     1 |     2 |     1 |       |       |       |       |       ||     4
       Confused          |       |     1 |       |       |       |       |       |       ||     1
       Petrified         |       |       |     8 |       |       |       |       |       ||     8
Armor: Leather armour    |    11 |    17 |    68 |    31 |       |       |       |       ||   127
       Ring mail         |    13 |    11 |       |       |       |       |       |       ||    24
       Swamp dragon scal |       |       |       |    54 |    94 |   160 |       |       ||   308
       Ice dragon scales |       |       |       |       |    28 |       |       |       ||    28
       Fire dragon scale |       |       |       |       |       |    87 |   307 |   153 ||   547
       Plate armour      |       |       |       |       |       |       |       |    41 ||    41
Dodge: Dodged            |    50 |    50 |   127 |   223 |   268 |   405 |   479 |   328 ||  1930
       Repelled          |       |       |       |       |       |    11 |    11 |       ||    22
Block: Other             |       |       |       |       |    52 |   270 |   210 |   131 ||   663

Table legend: (Time is in decaauts)
 A = Elapsed time spent in this place.
 B = Non-inter-level travel time spent in this place.
 C = Inter-level travel time spent in this place.
 D = Time resting spent in this place.
 E = Time spent auto-exploring this place.
 F = Levels seen in this place.
 G = Mean time per level.
                   A        B        C        D        E       F      G
               +--------+--------+--------+--------+--------+-----+--------+
         Total |  47996 |  41925 |   6071 |   4666 |  26693 |  45 | 1066.6 |
       Dungeon |  17610 |  14365 |   3245 |   1246 |  10301 |  15 | 1174.0 |
        Temple |     71 |     71 |      0 |      0 |      6 |   1 |   71.0 |
          Lair |   5597 |   4812 |    785 |    319 |   3288 |   5 | 1119.4 |
         Swamp |   2942 |   2785 |    157 |    410 |   1702 |   4 |  735.5 |
   Spider Nest |   4072 |   3836 |    236 |    267 |   2518 |   4 | 1018.0 |
  Orcish Mines |   2248 |   1631 |    617 |    160 |    994 |   2 | 1124.0 |
   Elven Halls |   3860 |   3618 |    242 |    543 |   2031 |   3 | 1286.7 |
        Vaults |   6627 |   6000 |    627 |   1332 |   3270 |   5 | 1325.4 |
         Crypt |   3756 |   3597 |    159 |    345 |   2018 |   3 | 1252.0 |
         Trove |    109 |    109 |      0 |      0 |      2 |   1 |  109.0 |
        Bailey |    430 |    430 |      0 |      0 |    238 |   1 |  430.0 |
      Ice Cave |    668 |    668 |      0 |     40 |    323 |   1 |  668.0 |
               +--------+--------+--------+--------+--------+-----+--------+

Top non-repeatable levels by time:
 Crypt:3: 1924 daAuts
    D:10: 1799 daAuts
Vaults:4: 1769 daAuts
    D:12: 1761 daAuts
Vaults:1: 1660 daAuts
Vaults:3: 1604 daAuts
Vaults:2: 1539 daAuts
  Lair:2: 1468 daAuts
Spider:1: 1377 daAuts
   Orc:2: 1376 daAuts
   Elf:1: 1373 daAuts
     D:3: 1369 daAuts
    D:15: 1365 daAuts
  Lair:5: 1362 daAuts
  Lair:1: 1280 daAuts
